 Dungeon Crawl Stone Soup version 0.28.0-45-g0d030f2227 (webtiles) character file.

Game seed: 7707399265090636602

426 issech the Cudgeller (level 6, 0/62 HPs)
             Began as a Troll Monk on Apr 19, 2022.
             Succumbed to Crazy Yiuf's poison
             ... on level 3 of the Dungeon.
             The game lasted 00:11:49 (2562 turns).

issech the Cudgeller (Troll Monk)                   Turns: 2562, Time: 00:11:49

Health: 0/62       AC:  4    Str: 20    XL:     6   Next: 64%
Magic:  5/5        EV: 11    Int:  6    God:
Gold:   138        SH:  0    Dex: 14    Spells: 5/5 levels left

rFire   . . .      SeeInvis .   o - +1 hand axe (vorpal)
rCold   . . .      Faith    .   (no shield)
rNeg    . . .      Spirit   .   b - +0 robe
rPois   +          Reflect  .   (helmet restricted)
rElec   .          Harm     .   (no cloak)
rCorr   .          Rampage  .   (gloves unavailable)
Will    .....                   (boots unavailable)
Stlth   ++........              (no amulet)
HPRegen 1.00/turn               g - ring of poison resistance
MPRegen 0.09/turn               (no ring)

@: lethally poisoned (0 -> -1)
A: large, unfitting armour, claws 3, regeneration 1, shaggy fur 1, tough skin 1
a: no special abilities


You were on level 3 of the Dungeon.
You visited 1 branch of the dungeon, and saw 3 of its levels.

You collected 164 gold pieces.
You spent 26 gold pieces at shops.

Inventory:

Hand Weapons
 a - a +0 mace
 f - a +0 short sword
 k - a +0 hunting sling
 n - a +0 flail
 o - a +1 vorpal hand axe (weapon)
Missiles
 d - 22 stones (quivered)
 e - 3 poisoned darts
 i - 26 sling bullets
 m - 31 arrows
Armour
 b - a +0 robe (worn)
Jewellery
 g - a ring of poison resistance (left claw)
Wands
 p - a wand of paralysis (3)
Scrolls
 c - 5 scrolls of identify
 l - a scroll of silence
 q - a scroll of fog {unknown}
 r - a scroll of torment {unknown}
Potions
 h - a potion of invisibility {unknown}
 j - a potion of magic {unknown}


   Skills:
 + Level 3.6 Fighting
 + Level 0.3(2.8) Axes
 + Level 5.1 Maces & Flails
 + Level 0.2 Throwing
 + Level 3.5 Dodging
 + Level 1.4 Stealth


You had 5 spell levels left.
You didn't know any spells.
Your spell library was empty.

Dungeon Overview and Level Annotations

Branches:
Dungeon (3/15)

Altars:
Cheibriados
Okawaru

Shops:
D:1 (   D:2 ?

Annotations:
D:3 Crazy Yiuf


Innate Abilities, Weirdness & Mutations

You are too large for most types of armour.
You have claws for hands.
Your natural rate of healing is unusually fast.
You are covered in fur. (AC +1)
You have tough skin. (AC +1)


Message History

Crazy Yiuf shouts!
You throw a stone.
The stone hits Crazy Yiuf but does no damage.
You throw a stone.
The stone hits Crazy Yiuf but does no damage.
You closely miss Crazy Yiuf. Your claw misses Crazy Yiuf.
Crazy Yiuf closely misses you.
You hit Crazy Yiuf.
Crazy Yiuf is moderately wounded.
Crazy Yiuf hits you with a +3 quarterstaff of chaos!
Crazy Yiuf draws strength from your wounds!
You hit Crazy Yiuf but do no damage.
Crazy Yiuf is lightly wounded.
Crazy Yiuf barely misses you.
Crazy Yiuf hits you with a +3 quarterstaff of chaos!
You hit Crazy Yiuf.
Crazy Yiuf is moderately wounded.
Crazy Yiuf says, "Rifle rumpyflump agre!"
Crazy Yiuf hits you with a +3 quarterstaff of chaos!
You resist with some effort.
You hit Crazy Yiuf.
Crazy Yiuf is heavily wounded.
Crazy Yiuf barely misses you.
You barely miss Crazy Yiuf.
Crazy Yiuf is heavily wounded.
Crazy Yiuf hits you with a +3 quarterstaff of chaos.
You are poisoned.
You completely miss Crazy Yiuf.
Crazy Yiuf is heavily wounded.
You feel very sick. Crazy Yiuf closely misses you.
You hit Crazy Yiuf.
Crazy Yiuf is severely wounded.
You feel sick.
Crazy Yiuf hits you with a +3 quarterstaff of chaos.
You are electrocuted!!
* * * LOW HITPOINT WARNING * * *
You barely miss Crazy Yiuf.
Crazy Yiuf is severely wounded.
You die...

###.........
#.........
#.........
##........
#........
♣♣♣♣♣##........ ###
♣♣♣.♣.P..###'####
#...#♣..♣.P....##.#
#(((g@♣♣♣♣......#.#
#)..#♣♣ ♣♣.......#
### ♣♣#####.####
#..... ######


You could see Crazy Yiuf.

Vanquished Creatures
  Sigmund (D:3)
  Ijyb (D:3)
  2 orc wizards (D:3)
  7 adders
  4 gnolls (D:3)
  A dart slug (D:1)
  8 orcs (D:3)
  7 endoplasms
  2 giant cockroaches
  12 goblins
  8 hobgoblins
  4 jackals (D:1)
  2 quokkas (D:1)
  8 ball pythons
  2 bats (D:1)
  A frilled lizard (D:1)
  5 kobolds
  8 rats
83 creatures vanquished.

Notes
Turn   | Place    | Note
-------+----------+-------------------------------------------
     0 | D:1      | issech the Troll Monk began the quest for the Orb.
     0 | D:1      | Reached XP level 1. HP: 22/22 MP: 0/0
   113 | D:1      | Found Esteozum's Weapon Boutique.
   128 | D:1      | Reached XP level 2. HP: 27/29 MP: 1/1
   148 | D:1      | Reached skill level 3 in Maces & Flails
   334 | D:1      | Reached XP level 3. HP: 36/36 MP: 2/2
   678 | D:1      | Found a faded altar of an unknown god.
  1137 | D:2      | Found Fowil's Magic Scroll Boutique.
  1146 | D:2      | Bought a scroll of identify for 26 gold pieces
  1306 | D:2      | Found a snail-covered altar of Cheibriados.
  1437 | D:2      | Reached XP level 4. HP: 40/44 MP: 3/3
  1526 | D:3      | Found an iron altar of Okawaru.
  1613 | D:3      | Noticed Sigmund
  1669 | D:3      | Killed Sigmund
  1670 | D:3      | Reached skill level 4 in Maces & Flails
  1670 | D:3      | Reached XP level 5. HP: 36/53 MP: 4/4
  1819 | D:3      | Reached XP level 6. HP: 36/61 MP: 5/5
  2080 | D:3      | Noticed Ijyb
  2095 | D:3      | Paralysed by Ijyb for 2 turns
  2097 | D:3      | Killed Ijyb
  2098 | D:3      | Reached skill level 5 in Maces & Flails
  2546 | D:3      | Found a runed translucent door.
  2547 | D:3      | Noticed Crazy Yiuf
  2561 | D:3      | HP: 1/62 [Crazy Yiuf/+3 quarterstaff of chaos (19)]
  2562 | D:3      | Succumbed to Crazy Yiuf's poison

Illustrated notes

Levels and vault maps discovered:
D:1:      shiori_arrival_elements, layout_loops_ring,
          shapermc_ecumenical_altar_hornbeckon, serial_shops, shop
D:2:      layout_rooms, basic_altar, serial_shops, nicolae_diamond_shop
D:3:      layout_basic, mainiacjoe_overflow_paths, uniq_sigmund,
          uniq_crazy_yiuf_cottage, uniq_ijyb

Skill      XL: |  1  2  3  4  5  6 |
---------------+-------------------+-----
Maces & Flails | 3 4 5 |  5.1
Dodging        | 3 |  3.5
Fighting       | 3 |  3.6
Axes           | |  0.3
Throwing       | |  0.2
Stealth        | |  1.4

Action                   |  1- 3 |  4- 6 || total
-------------------------+-------+-------++-------
Melee: Mace              |   145 |    62 ||   207
       Punch             |     2 |     2 ||     4
       Flail             |       |    53 ||    53
       Hand axe          |       |    52 ||    52
Throw: Stone             |     7 |     7 ||    14
  Use: Scroll            |       |     1 ||     1
 Stab: Sleeping          |     3 |     2 ||     5
Armor: Robe              |    78 |    46 ||   124
Dodge: Dodged            |    95 |    94 ||   189
